 Dungeon Crawl Stone Soup version 0.21.1-1-g345015fe64 (webtiles) character file.

67 Ivernyr the Charmwright (level 4, 23/34 HPs)
             Began as a Demonspawn Skald on Apr 30, 2018.
             Quit the game on level 2 of the Dungeon on May 1, 2018.
             The game lasted 00:05:26 (1858 turns).

Ivernyr the Charmwright (Demonspawn Skald)          Turns: 1858, Time: 00:05:26

Health: 23/34      AC:  3    Str: 12    XL:     4   Next: 0%
Magic:  2/7        EV: 12    Int: 14    God:
Gold:   65         SH:  0    Dex: 13    Spells: 2/7 levels left

rFire    . . .     SeeInvis .   a - +0 falchion
rCold    . . .     Gourm    .   (no shield)
rNeg     . . .     Faith    .   b - +0 leather armour
rPois    .         Spirit   +   (helmet restricted)
rElec    .         Reflect  .   (no cloak)
rCorr    .         Harm     .   (no gloves)
MR       .....                  (no boots)
Stlth    +.........             (no amulet)
HPRegen  0.11/turn              (no ring)
MPRegen  0.10/turn              (no ring)

@: no status effects
A: antennae 1, magic shield
a: no special abilities


You were on level 2 of the Dungeon.
You were not hungry.

You visited 1 branch of the dungeon, and saw 2 of its levels.

You collected 65 gold pieces.

Inventory:

Hand Weapons
 a - a +0 falchion (weapon)
Armour
 b - a +0 leather armour (worn)
Scrolls
 e - a scroll of amnesia (quivered) {unknown}
 f - a scroll of identify {unknown}
 g - 2 scrolls of enchant weapon {unknown}
 h - 2 scrolls of fog {unknown}
 k - a scroll of noise {unknown}
 m - a scroll of enchant armour {unknown}
 n - a scroll of teleportation {unknown}
 o - a scroll of random uselessness {unknown}
Potions
 i - 2 potions of heal wounds {unknown}
 j - a potion of degeneration {unknown}
 l - a potion of might {unknown}
Books
 c - a book of Battle

   Spells                             Type                      Level
   a - Infusion                       Charms                       1
   b - Shroud of Golubria             Charms/Translocation         2
   c - Song of Slaying                Charms                       2
   d - Spectral Weapon                Hexes/Charms                 3
   e - Regeneration                   Charms/Necromancy            3
Comestibles
 d - 5 rations
 p - a chunk of flesh


   Skills:
 + Level 2.6 Fighting
 + Level 2.3 Long Blades
 * Level 2.2 Armour
 - Level 1.7 Dodging
 - Level 2.0 Spellcasting
 + Level 3.1 Charms


You had 2 spell levels left.
You knew the following spells:

 Your Spells              Type           Power        Failure   Level  Hunger
a - Shroud of Golubria    Chrm/Tloc      #.........   24%         2    ###....
b - Song of Slaying       Chrm           ##......     13%         2    ###....
c - Infusion              Chrm           ##..         9%          1    ##.....


Dungeon Overview and Level Annotations

Branches:
Dungeon (2/15)

Altars:


Innate Abilities, Weirdness & Mutations

You have a pair of small antennae on your head.
When hurt, damage is shared between your health and your magic reserves.


Message History

You kill the kobold!
Items here: )))) ††† Your song is almost over.
You hear a shout!
The kobold shouts!
Your magical contamination has completely faded away.
There is an open gate here.
The kobold hits you with a short sword.
Your song has ended.
The kobold hits you with a short sword.
You hit the kobold.
You kill the kobold!
You have reached level 4!
You feel stronger.
Your demonic ancestry asserts itself...
You feel your magical essence form a protective shroud around your flesh.
Quiver which item? (- for none, * to show all) (? for menu, Esc to quit)
You don't have any such object.
Quiver which item? (- for none, * to show all) (? for menu, Esc to quit)
Quivering
e - a scroll labeled CONOAC EVASS for throwing.
Are you sure you want to abandon this character and quit the game? (Confirm with "yes".)

######### .....(..# g.
#...# ######### .##...#
### .....# ##### #.#
#....## #....###.###
#......
#....$##...#####......
#....@.'....)..#......
#..$...).'..####........
#........'.####.....>...
#.......##.###..##......
#......####....###......
####### ###.............
###............... #
##.#.##........#### #
#######..#†##........#


There were no monsters in sight!

Vanquished Creatures
  An adder (D:2)
  A worm (D:2)
  6 dart slugs
  A leopard gecko (D:1)
  2 bats
  2 giant cockroaches (D:1)
  5 goblins
  3 hobgoblins
  3 jackals (D:2)
  11 kobolds
  4 frilled lizards
  2 rats (D:1)
41 creatures vanquished.

Vanquished Creatures (others)
  9 toadstools (D:2)
9 creatures vanquished.

Grand Total: 50 creatures vanquished

Notes
Turn   | Place    | Note
-------+----------+-------------------------------------------
     0 | D:1      | Ivernyr the Demonspawn Skald began the quest for the Orb.
     0 | D:1      | Reached XP level 1. HP: 16/16 MP: 3/3
    34 | D:1      | Reached skill level 1 in Armour
   239 | D:1      | Gained mutation: You have a pair of small antennae on your head. [demonic ancestry]
   239 | D:1      | Reached XP level 2. HP: 19/22 MP: 5/5
   279 | D:1      | Learned a level 2 spell: Song of Slaying
   282 | D:1      | Learned a level 2 spell: Shroud of Golubria
   815 | D:1      | Reached XP level 3. HP: 13/28 MP: 6/6
  1367 | D:2      | Reached skill level 3 in Charms
  1856 | D:2      | Gained mutation: When hurt, damage is shared between your health and your magic reserves. [demonic ancestry]
  1856 | D:2      | Reached XP level 4. HP: 22/34 MP: 2/7
  1858 | D:2      | Quit the game

Skill      XL: |  1  2  3 |
---------------+----------+-----
Armour         | 1 2 |  2.2
Long Blades    | 2 |  2.3
Charms         | 3 |  3.1
Fighting       | |  2.6
Dodging        | |  1.7
Spellcasting   | |  2.0

Action                   |  1- 3 |  4- 6 || total
-------------------------+-------+-------++-------
Melee: Falchion          |   136 |       ||   136
 Cast: Shroud of Golubri |     7 |       ||     7
       Song of Slaying   |     2 |       ||     2
  Eat: Chunk             |     4 |       ||     4
Armor: Leather armour    |    29 |       ||    29
Dodge: Dodged            |    89 |       ||    89
       Rpst.: Falchion   |    27 |       ||    27
